 Dungeon Crawl Stone Soup version 0.29-a0-422-gafbd6decc1 (webtiles) character file.

Game seed: 9468472781384852873

52471 Pelinal the Spry (level 14, -8/127 HPs)
             Began as a Merfolk Ice Elementalist on May 19, 2022.
             Was a Priest of Ashenzari.
             Succumbed to poison (dark miasma)
             ... on level 7 of the Dungeon.
             The game lasted 01:08:53 (25078 turns).

Pelinal the Spry (Merfolk Ice Elementalist)        Turns: 25078, Time: 01:08:53

Health: -8/127     AC: 19    Str: 14    XL:     14   Next: 64%
Magic:  25/26      EV: 33    Int: 17    God:    Ashenzari [***...]
Gold:   932        SH:  0    Dex: 28    Spells: 11/29 levels left

rFire   . . .      SeeInvis +   a - +0 trident
rCold   . . .      Faith    .   (no shield)
rNeg    . . .      Spirit   .   q - +3 troll leather armour {Snorg}
rPois   .          Reflect  .   X - +2 hat of the Shackled Shame {Int+3, Cun, Alch} (curse)
rElec   .          Harm     .   J - scarf of the Pangnostic Stars {+Inv, Elem, Alch} (curse)
rCorr   .          Rampage  .   c - +0 pair of fencer's gloves {Riposte Dex+3, Self, Comp} (curse)
Will    +....      Clarity  +   j - +2 pair of boots of Curses and Power {Str+5, Bglg, Fort} (curse)
Stlth   ..........              (no amulet)
HPRegen 1.11/turn               w - +4 ring of evasion
MPRegen 0.20/turn               t - ring "Monotheism of the Sky" {Dex+6, Evo, Alch} (curse)

@: berserking, lethally poisoned (-8 -> -57), ice-armoured, slowed
A: (nimble swimmer 2), mertail
a: Renounce Religion, Evoke Invisibility, Curse Item, Shatter the Chains


You were on level 7 of the Dungeon.
You worshipped Ashenzari.
Ashenzari was most pleased with you.
You visited 3 branches of the dungeon, and saw 16 of its levels.
You also visited: Gauntlet and Ice Cave.

You collected 1884 gold pieces.
You spent 952 gold pieces at shops.

Inventory:

Hand Weapons
 a - a +0 trident (weapon)
Missiles
 g - a curare-tipped dart
 A - 17 poisoned darts (quivered)
 K - 2 atropa-tipped darts
Armour
 c - the cursed +0 pair of fencer's gloves (worn) {Riposte Dex+3, Self, Comp}
   (You acquired it on level 8 of the Dungeon)

   It allows the wearer to riposte with melee weapons, swiftly retaliating
   against missed or blocked attacks.
   Dex:       It affects your dexterity (+3).
   It has a curse which improves the following skills: Introspection: Fighting
   and Spellcasting.
   Companions: Summonings and Necromancy.
 j - the cursed +2 pair of boots of Curses and Power (worn) {Str+5, Bglg, Fort}
   (You acquired it on level 9 of the Dungeon)

   Str:       It affects your strength (+5).
   It has a curse which improves the following skills: Beguiling: Conjurations,
   Hexes and Translocations.
   Fortitude: Armour and Shields.
 q - a +3 troll leather armour (worn) {Snorg}
 J - the cursed scarf of the Pangnostic Stars (worn) {+Inv, Elem, Alch}
   (You found it on level 2 of the Lair of Beasts)

   It has a curse which improves the following skills: Elements: Fire Magic, Ice
   Magic, Air Magic and Earth Magic.
   Alchemy:   Poison Magic and Transmutations.
 Q - a +2 pair of gloves
 X - the cursed +2 hat of the Shackled Shame (worn) {Int+3, Cun, Alch}
   (You took it off Gastronok on level 8 of the Dungeon)

   It has a curse which improves the following skills: Cunning: Dodging and
   Stealth.
   Alchemy:   Poison Magic and Transmutations.
Jewellery
 t - the cursed ring "Monotheism of the Sky" (right hand) {Dex+6, Evo, Alch}
   (You found it on level 3 of the Dungeon)

   [ring of dexterity]

   Dex:       It affects your dexterity (+6).
   It has a curse which improves the following skills: Evocations: Evocations.
   Alchemy:   Poison Magic and Transmutations.
 w - a +4 ring of evasion (left hand)
 z - a +6 ring of intelligence
 G - a ring of resist corrosion
 S - a ring of protection from fire
 Y - a ring of protection from cold
Wands
 o - a wand of charming (3)
 r - a wand of digging (2)
 D - a wand of polymorph (13)
 N - a wand of flame (9)
 T - a wand of iceblast (1)
 Z - a wand of paralysis (1)
Scrolls
 d - 4 scrolls of immolation
 f - 2 scrolls of amnesia
 l - 3 scrolls of magic mapping
 n - 9 scrolls of enchant weapon
 p - 6 scrolls of fog
 s - 4 scrolls of teleportation
 v - 2 scrolls of silence
 x - 3 scrolls of vulnerability
 L - 3 scrolls of fear
 V - 4 scrolls of poison
Potions
 b - a potion of resistance
 e - a potion of heal wounds
 h - a potion of cancellation
 i - 2 potions of invisibility
 m - 3 potions of ambrosia
 u - a potion of brilliance
 y - 4 potions of magic
 F - 6 potions of mutation
 H - 3 potions of lignification
 I - a potion of curing
 M - 4 potions of flight
 O - a potion of attraction
Miscellaneous
 B - a tin of tremorstones (1/2)
 R - a condenser vane (inert)
 U - a phantom mirror


   Skills:
 - Level 14.0 Polearms
 - Level 6.0 Throwing
 - Level 16.0(17.4) Dodging
 - Level 9.0(10.6) Stealth
 - Level 6.7(8.3) Spellcasting
 + Level 0.6(1.4) Conjurations
 - Level 12.3(15.5) Transmutations
 - Level 8.1(9.7) Ice Magic
 + Level 0.7(1.5) Air Magic
 - Level 10.4(13.6) Poison Magic
 - Level 5.0(6.5) Evocations


You had 11 spell levels left.
You knew the following spells:

 Your Spells              Type           Power      Damage    Failure   Level
a - Freeze                Ice            100%       1d11      1%          1
b - Frozen Ramparts       Ice            80%        1d10      1%          3
c - Ozocubu's Armour      Ice            40%        N/A       1%          3
d - Eringya's Noxious Bo  Tmut/Pois      27%        N/A       4%          6
f - Freezing Cloud        Conj/Ice/Air   10%        6-21      52%         5

Your spell library contained the following spells:

 Spells                   Type           Power      Damage    Failure   Level
 Passwall                 Tmut/Erth      27%        N/A       1%          2
 Ice Form                 Ice/Tmut       50%        N/A       1%          4
 Olgreb's Toxic Radiance  Pois           52%        N/A       1%          4
 Alistair's Intoxication  Tmut/Pois      36%        N/A       1%          5
 Blade Hands              Tmut           28%        N/A       1%          5
 Ensorcelled Hibernation  Hex/Ice        48%        N/A       2%          2
 Static Discharge         Conj/Air       12%        N/A       11%         2
 Animate Skeleton         Necr           14%        N/A       12%         1
 Apportation              Tloc           14%        N/A       12%         1
 Summon Small Mammal      Summ           28%        N/A       12%         1
 Hailstorm                Conj/Ice       26%        3d7       13%         4
 Swiftness                Air            12%        N/A       21%         3
 Statue Form              Tmut/Erth      22%        N/A       61%         6
 Sticky Flame             Conj/Fire      9%         2d3       67%         4
 Animate Armour           Summ/Erth      14%        N/A       75%         4
 Dispel Undead            Necr           7%         3d8       75%         4
 Ozocubu's Refrigeration  Ice            20%        4d9       89%         7
 Simulacrum               Ice/Necr       12%        N/A       95%         6
 Borgnjor's Vile Clutch   Necr/Erth      3%         N/A       97%         5
 Summon Forest            Summ/Tloc      3%         N/A       97%         5
 Iron Shot                Conj/Erth      4%         9d2       100%        6
 Starburst                Conj/Fire      4%         6d4       100%        6
 Ignition                 Fire           3%         3d4       100%        8


Dungeon Overview and Level Annotations

Branches:
Dungeon (9/15)             Temple (1/1) D:6            Lair (6/6) D:9
  Swamp (0/4) Lair:3        Slime (0/5) Lair:6          Orc (0/2) D:9
  IceCv (visited)         Gauntlet (visited)
  Snake: Lair:2-4    Spider: Lair:2-4

Altars:
Ashenzari
Cheibriados
Dithmenos
Elyvilon
Fedhas
Gozag
Hepliaklqana
Kikubaaqudgha
Makhleb
Nemelex Xobeh
Okawaru
Qazlal
Ru
Sif Muna
Trog
Uskayaw
Vehumet
Wu Jian
Xom
Yredelemnul
Zin
The Shining One
Jiyva

Shops:
D:5 (   D:6 :

Annotations:
D:6 exclusion: door
D:7 1 transporter, Heh's ghost, novice MiGl
D:8 exclusion: statue
Lair:3 2 exclusions
Lair:5 exclusion: oklob plant


Innate Abilities, Weirdness & Mutations

((You are very nimble when in or above water. (Stealth+, EV+, Speed+++)))
Your lower body shifts to a powerful aquatic tail in water.


Message History

Unknown command.
You impale the death drake!!
You kill the death drake!
The moth of wrath returns to its original shape as it dies.
You are engulfed in dark miasma.
You are more poisoned.
You feel as though you will be slow longer.
* * * LOW HITPOINT WARNING * * *
You feel extremely sick.
You hit Heh's ghost.
Heh's ghost is heavily damaged.
You are engulfed in dark miasma.
You are lethally poisoned!
* * * LOW HITPOINT WARNING * * *
x2 You feel extremely sick.
Heh's ghost is engulfed in blazing flames.
Heh's ghost completely misses you.
You riposte.
You closely miss Heh's ghost.
Heh's ghost is severely damaged.
You closely miss Heh's ghost.
Heh's ghost is severely damaged.
You are engulfed in dark miasma.
You are more poisoned.
You feel as though you will be slow longer.
* * * LOW HITPOINT WARNING * * *
x2 You feel extremely sick.
Heh's ghost is engulfed in blazing flames.
Heh's ghost completely misses you.
You are too berserk!
Unknown command.
You barely miss Heh's ghost.
Heh's ghost is severely damaged.
* * * LOW HITPOINT WARNING * * *
You feel extremely sick.
Unknown command.
Unknown command.
You are too berserk!
Unknown command.
You miss Heh's ghost.
Heh's ghost is severely damaged.
You die...

...# ##......## ##...#
#..##.. ...#
#...###..# ##.##
#####.# ...#####..##
##.#####.## #..
..#........##
####...## ###
.##..#......#######.##
###...............###
###...####.©.####...##
##...##..#####..###..#
.#(..#y.../:[..#@.##.#
....##.##.○[###§W..#.#
#...#.W..○#°°.F§#.##.#
#...#©.##.°§§.#§..#..#
....#.....§#§†##..#.##
##..##.☼°#...#.F..#.#
#...#k...#......##.#
#...#####..###.##..#
##.......####©###..##


You could see a bullfrog and Heh's ghost.

Vanquished Creatures
  Gastronok (D:8)
  Kirke (Lair:6)
  Nessos (Lair:6)
  A minotaur (Gauntlet)
  Snorg (Lair:6)
  Fannar (Lair:2)
  5 hydras
  3 catoblepae (Lair:6)
  2 two-headed ogres (D:9)
  5 death yaks (Lair:6)
  A death drake (D:7)
  An ugly thing (IceCv)
  2 manticores (Lair:6)
  17 elephants
  A moth of wrath (Gauntlet)
  4 black mambas
  Joseph (D:8)
  12 komodo dragons
  11 cane toads
  4 rime drakes
  An entropy weaver simulacrum (IceCv)
  A meliai (Lair:1)
  4 polar bears
  7 blink frogs
  Prince Ribbit (D:9)
  3 shadows
  3 wyverns
  A wraith (D:9)
  44 yaks
  A hog (Lair:6)
  3 steam dragons
  6 vampire mosquitoes (Lair:3)
  4 basilisks
  2 redbacks (Gauntlet)
  2 death yak simulacra (IceCv)
  A naga (Lair:3)
  24 water moccasins
  A black bear (Lair:1)
  2 ice beasts
  2 orc warriors
  A sky beast (D:7)
  20 wolves
  5 ogres
  3 centaurs (D:9)
  2 phantoms
  2 kobold brigands
  21 bullfrogs
  A gnoll sergeant (D:5)
  2 necrophages
  3 scorpions
  A cane toad simulacrum (IceCv)
  12 wights
  A troll zombie (D:9)
  An elephant simulacrum (IceCv)
  4 killer bees
  An electric eel (Lair:3)
  A howler monkey (D:5)
  13 hounds
  8 orc priests
  2 jellies
  3 iguanas (D:5)
  15 orc wizards
  5 ogre zombies (D:9)
  Robin (D:4)
  18 gnolls
  7 adders
  2 white imps
  4 ufetubi
  A worm (D:2)
  A dart slug (D:1)
  32 orcs
  3 endoplasms
  5 giant cockroaches
  14 goblins
  12 hobgoblins
  4 jackals
  2 quokkas
  3 ball pythons
  7 bats
  4 frilled lizards
  2 goblin zombies (D:9)
  2 hobgoblin skeletons (D:9)
  5 hobgoblin zombies (D:9)
  10 kobolds
  2 orc skeletons (D:9)
  8 orc zombies (D:9)
  3 rats
467 creatures vanquished.

Vanquished Creatures (others)
  A torpor snail (Lair:6)
  A blink frog (Lair:6)
  A bullfrog (D:7)
  2 bushes
  44 fungi
  98 plants
147 creatures vanquished.

Grand Total: 614 creatures vanquished

Notes
Turn   | Place    | Note
-------+----------+-------------------------------------------
     0 | D:1      | Pelinal the Merfolk Ice Elementalist began the quest for
                  | the Orb.
     0 | D:1      | Reached XP level 1. HP: 13/13 MP: 3/3
   308 | D:1      | Reached XP level 2. HP: 19/19 MP: 3/5
   487 | D:1      | Reached skill level 5 in Ice Magic
   587 | D:1      | Found a faded altar of an unknown god.
  1237 | D:1      | Reached XP level 3. HP: 19/24 MP: 4/6
  1750 | D:1      | Learned a level 3 spell: Frozen Ramparts
  2484 | D:3      | Found a stormy altar of Qazlal.
  2898 | D:3      | Reached XP level 4. HP: 17/30 MP: 1/7
  3120 | D:3      | Noticed a water moccasin
  3434 | D:4      | Noticed Robin
  3438 | D:4      | Reached XP level 5. HP: 35/35 MP: 3/8
  3439 | D:4      | Killed Robin
  3748 | D:4      | Reached XP level 6. HP: 26/41 MP: 5/9
  4507 | D:4      | Found a glowing golden altar of the Shining One.
  4669 | D:5      | Entered Level 5 of the Dungeon
  4802 | D:5      | Noticed a water moccasin
  4807 | D:5      | Killed a water moccasin
  4808 | D:5      | Reached skill level 5 in Stealth
  4808 | D:5      | Reached XP level 7. HP: 43/46 MP: 4/10
  4942 | D:4      | Learned a level 3 spell: Ozocubu's Armour
  5013 | D:4      | Learned a level 2 spell: Ensorcelled Hibernation
  5543 | D:5      | Reached skill level 1 in Throwing
  5563 | D:5      | Reached XP level 8. HP: 36/52 MP: 4/11
  5978 | D:5      | Found Buorom's Weapon Emporium.
  5982 | D:5      | Bought 3 poisoned darts for 16 gold pieces
  6312 | D:5      | Found a glowing silver altar of Zin.
  6312 | D:5      | Found an iron altar of Okawaru.
  6320 | D:5      | Found a shadowy altar of Dithmenos.
  6322 | D:5      | Found a snail-covered altar of Cheibriados.
  6324 | D:5      | Found a hazy altar of Hepliaklqana.
  6404 | D:6      | Found Joiqete's Book Shoppe.
  6616 | D:6      | Reached skill level 5 in Throwing
  6663 | D:6      | Reached XP level 9. HP: 56/57 MP: 7/12
  6715 | D:6      | Reached skill level 1 in Evocations
  7082 | D:6      | Found a staircase to the Ecumenical Temple.
  7089 | Temple   | Entered the Ecumenical Temple
  7228 | Temple   | Became a worshipper of Ashenzari the Shackled
  8032 | D:7      | Found a transporter.
  8032 | D:7      | Noticed a moth of wrath
  8039 | D:7      | Found a transporter.
  8044 | D:7      | Noticed Heh's ghost (novice MiGl)
  8320 | D:7      | Reached skill level 5 in Evocations
  8320 | D:7      | Reached skill level 1 in Polearms
  8320 | D:7      | Reached skill level 3 in Dodging
  8928 | D:7      | You fall into a shaft and drop 1 floor!
  8952 | D:8      | Reached * piety under Ashenzari
  8952 | D:8      | Identified a scroll of acquirement
  8953 | D:8      | Acquired the +0 pair of fencer's gloves {Riposte Dex+3}
  8953 | D:8      | Found the +0 pair of fencer's gloves {Riposte Dex+3}
  9131 | D:8      | Noticed Joseph
  9147 | D:8      | Killed Joseph
  9148 | D:8      | Reached skill level 4 in Dodging
  9162 | D:8      | Reached skill level 5 in Dodging
  9976 | D:6      | Reached skill level 5 in Polearms
  9976 | D:6      | Reached XP level 10. HP: 45/62 MP: 6/13
  9978 | D:6      | Reached skill level 6 in Dodging
 10180 | D:6      | Found a shimmering blue altar of Sif Muna.
 10652 | D:6      | Reached skill level 7 in Dodging
 10824 | D:6      | Noticed a boulder beetle
 10968 | D:8      | Found a white marble altar of Elyvilon.
 11016 | D:8      | Reached skill level 8 in Dodging
 11294 | D:8      | Reached skill level 9 in Dodging
 11355 | D:8      | Noticed Gastronok
 11975 | D:8      | Reached skill level 10 in Dodging
 12121 | D:8      | Found a radiant altar of Vehumet.
 12516 | D:8      | Killed Gastronok
 12517 | D:8      | Reached skill level 10 in Polearms
 12517 | D:8      | Reached XP level 11. HP: 53/68 MP: 14/14
 12635 | D:9      | Reached ** piety under Ashenzari
 12652 | D:9      | Found a staircase to the Orcish Mines.
 12688 | D:9      | Reached skill level 11 in Dodging
 12864 | D:9      | Noticed Prince Ribbit
 12878 | D:9      | Killed Prince Ribbit
 12970 | D:9      | Found a staircase to the Lair.
 13213 | D:9      | Found an ancient bone altar of Kikubaaqudgha.
 13628 | D:9      | Reached skill level 12 in Dodging
 13727 | D:9      | Noticed a two-headed ogre
 13737 | D:9      | Killed a two-headed ogre
 13809 | D:9      | Noticed a two-headed ogre
 13823 | D:9      | Killed a two-headed ogre
 14277 | D:9      | Acquired the +2 pair of boots "Sasyxex" {Str+5}
 14352 | Lair:1   | Entered Level 1 of the Lair of Beasts
 14468 | Lair:1   | Noticed Sonja
 14469 | Lair:1   | Noticed Sonja
 14469 | Lair:1   | Sonja changed into Sonja the meliai
 14474 | Lair:1   | Killed Sonja the meliai
 14690 | Lair:1   | Reached skill level 13 in Dodging
 14744 | Lair:1   | Noticed a seven-headed hydra
 14822 | Lair:1   | Killed a seven-headed hydra
 15026 | Lair:1   | Reached XP level 12. HP: 42/74 MP: 14/16
 15784 | Lair:2   | Noticed Fannar
 15858 | Lair:2   | Found a frozen archway.
 15869 | IceCv    | Entered an ice cave
 16241 | IceCv    | Reached skill level 14 in Dodging
 16595 | Lair:2   | Noticed a five-headed hydra
 16614 | Lair:2   | Killed a five-headed hydra
 16841 | Lair:2   | Identified the +0 ring mail "Sashris" {Contam rN++ rCorr
                  | Slay+2}
 17016 | Lair:2   | Reached skill level 15 in Dodging
 17679 | Lair:2   | Killed Fannar
 18004 | Lair:3   | Reached skill level 16 in Dodging
 18204 | D:6      | Bought Great Wizards, Vol. II for 456 gold pieces
 18360 | Lair:3   | Noticed a four-headed hydra
 18373 | Lair:3   | Killed a four-headed hydra
 18374 | Lair:3   | Reached skill level 1 in Poison Magic
 18702 | Lair:3   | Found a staircase to the Swamp.
 19777 | Lair:4   | Reached skill level 5 in Transmutations
 19838 | Lair:4   | Reached XP level 13. HP: 60/79 MP: 10/17
 20156 | Lair:4   | Reached skill level 5 in Poison Magic
 21917 | Lair:5   | Learned a level 6 spell: Eringya's Noxious Bog
 22362 | Lair:5   | Reached *** piety under Ashenzari
 22531 | Lair:6   | Entered Level 6 of the Lair of Beasts
 22545 | Lair:6   | Noticed Snorg
 22655 | Lair:6   | Killed Snorg
 22656 | Lair:6   | Reached skill level 10 in Transmutations
 22759 | Lair:6   | Found a gate leading to a gauntlet.
 22760 | Lair:6   | Noticed Nessos
 22851 | Lair:6   | Reached XP level 14. HP: 61/85 MP: 17/23
 22870 | Lair:6   | Killed Nessos
 22871 | Lair:6   | Reached skill level 5 in Spellcasting
 22908 | Gauntlet | Entered a Gauntlet
 22908 | Gauntlet | Found a transporter.
 22909 | Gauntlet | Found a runed translucent door.
 22911 | Gauntlet | Found a transporter.
 22913 | Gauntlet | Found a transporter.
 22917 | Gauntlet | Found a transporter.
 22918 | Gauntlet | Found a transporter.
 22919 | Gauntlet | Found a transporter.
 22921 | Gauntlet | Found a runed translucent door.
 22928 | Gauntlet | Found a transporter.
 22928 | Gauntlet | Found a transporter.
 22944 | Gauntlet | Found a large runed translucent door.
 22944 | Gauntlet | Found a large runed translucent door.
 22945 | Gauntlet | Found a large runed translucent door.
 22945 | Gauntlet | Found a large runed translucent door.
 22946 | Gauntlet | Found a large runed translucent door.
 22946 | Gauntlet | Found a large runed translucent door.
 22946 | Gauntlet | Identified the ring "Nimi" {rPois rF+ Will- Stlth+}
 22947 | Gauntlet | Found a runed translucent gate.
 22947 | Gauntlet | Found a runed translucent door.
 22948 | Gauntlet | Found a transporter.
 22948 | Gauntlet | Found a runed translucent gate.
 22949 | Gauntlet | Found a runed translucent gate.
 22949 | Gauntlet | Found a runed translucent door.
 22950 | Gauntlet | Found a large runed translucent door.
 22950 | Gauntlet | Found a large runed translucent door.
 22951 | Gauntlet | Found a large runed translucent door.
 22952 | Gauntlet | Found a large runed translucent door.
 22962 | Gauntlet | Found a large runed translucent door.
 22962 | Gauntlet | Found a large runed translucent door.
 22963 | Gauntlet | Found a large runed translucent door.
 22964 | Gauntlet | Found a large runed translucent door.
 22966 | Gauntlet | Found a transporter.
 22970 | Gauntlet | Found a transporter.
 22973 | Gauntlet | Found a large runed translucent door.
 22973 | Gauntlet | Found a large runed translucent door.
 22985 | Gauntlet | Found a transporter.
 23003 | Gauntlet | Identified the +3 pair of boots "Faidinei" {rPois Dex+3
                  | Slay+3}
 23286 | Gauntlet | Identified Sif Muna's Volume of the Floating Escort
 24133 | Lair:6   | Noticed Kirke
 24161 | Lair:6   | Killed Kirke
 24264 | Lair:6   | Reached skill level 10 in Poison Magic
 24725 | Lair:6   | Found a viscous altar of Jiyva.
 24725 | Lair:6   | Found a staircase to the Slime Pits.
 24912 | Lair:1   | Acquired 757 gold pieces
 24993 | D:6      | Bought the Handbook of Damaging Stones for 480 gold pieces
 25000 | D:6      | Learned a level 5 spell: Freezing Cloud
 25077 | D:7      | HP: 1/127 [poison (dark miasma)]
 25078 | D:7      | Succumbed to poison (dark miasma)

Illustrated notes

Levels and vault maps discovered:
D:1:      erik_arrival_cave_to_civilisation [erik_arrival_cave_to_hall],
          layout_basic, shapermc_ecumenical_altar_mp_urbaneastern,
          minmay_box_of_dots
D:2:      layout_rooms, serial_curves, eino_curves_04, eino_curves_02
D:3:      layout_loops_ring, mainiacjoe_overflow_boulevard,
          lightli_corner_chamber
D:4:      layout_basic, tso_oasis_becter, st_stairs_3,
          nicolae_concentric_dashed_squares_mild, uniq_robin
D:5:      layout_cave_pools, chequers_temple_overflow_minitemple,
          serial_gnoll_camp, gnoll_camp_mini_hut, gnoll_camp_mini_basic,
          gnoll_camp_mini_shop, gnoll_camp_mini_doghouse
D:6:      layout_basic, kennysheep_mini_moat, minmay_temple_entry_mini_moons,
          serial_shops, nicolae_stop_n_shop_1, minmay_divided_ellipse
D:7:      layout_layer_cave, gammafunk_ghost_berserking_beasts
D:8:      layout_basic, elyvilon_altar_1, vehumet_statue,
          chequers_serial_rivers_large_a, grunt_tough_drop, uniq_joseph,
          uniq_gastronok
D:9:      layout_loops_ring, nicolae_kikubaaqudgha_miasma_corner,
          david_lair_shrubbed, zombieorc1_lemuel, uniq_prince_ribbit1
Temple:   minmay_temple_curvy_loop
Lair:1:   layout_roguey, uniq_sonja
Lair:2:   layout_regular_city, portal_ice_cave_entry_pillars_1, uniq_fannar
Lair:3:   layout_regular_city, minmay_swamp_entry_swarm,
          minmay_snake_entry_guardpost_large, st_stairs_7
Lair:4:   layout_roguey
Lair:5:   layout_hall_layers, grunt_megastairs_3
Lair:6:   evilmike_catoblepas_cave, layout_loops_ring,
          dpeg_slime_entry_enclosed_altar, gauntlet_entry_generic, uniq_nessos,
          uniq_snorg, uniq_kirke

Skill      XL: |  1  2  3  4  5  6  7  8  9 10 11 12 13 14 |
---------------+-------------------------------------------+-----
Ice Magic      | 5 6 7 8 |  8.1
Stealth        | 5 7 9 |  9.0
Throwing       | 2 5 6 |  6.0
Evocations     | 5 |  5.0
Polearms       | 5 10 13 14 | 14.0
Dodging        | 5 10 13 16 | 16.0
Transmutations | 5 10 12 | 12.3
Poison Magic   | 4 8 10 | 10.4
Spellcasting   | 4 6 |  6.7
Conjurations   | |  0.6
Air Magic      | |  0.7

Action                   |  1- 3 |  4- 6 |  7- 9 | 10-12 | 13-15 || total
-------------------------+-------+-------+-------+-------+-------++-------
Melee: Whip              |     4 |       |       |       |       ||     4
       Short sword       |    32 |    11 |       |       |       ||    43
       Dagger            |       |    26 |   157 |       |       ||   183
       Punch             |       |     2 |     3 |    21 |    10 ||    36
       Trident           |       |       |    60 |   834 |   497 ||  1391
       Glaive            |       |       |       |    22 |    69 ||    91
       Tailslap          |       |       |       |     1 |       ||     1
 Fire: Hunting sling     |       |     1 |    21 |     8 |       ||    30
Throw: Dart              |       |       |     2 |    23 |    45 ||    70
       Throwing net      |       |       |     1 |     3 |     2 ||     6
 Cast: Freeze            |    57 |    31 |    37 |    36 |    49 ||   210
       Frozen Ramparts   |       |    11 |    26 |    49 |    48 ||   134
       Ozocubu's Armour  |       |       |    16 |    58 |    36 ||   110
       Ensorcelled Hiber |       |       |     1 |       |       ||     1
       Eringya's Noxious |       |       |       |       |     2 ||     2
Invok: Curse Item        |       |       |     2 |     4 |     1 ||     7
       Shatter the Chain |       |       |       |     2 |       ||     2
Evoke: Wand              |       |       |     5 |    10 |     8 ||    23
       Tin of tremorston |       |       |       |       |     1 ||     1
       Condenser vane    |       |       |       |       |     1 ||     1
  Use: Scroll            |     7 |       |     6 |     1 |     6 ||    20
       Potion            |       |       |     4 |     9 |     6 ||    19
 Stab: Sleeping          |     5 |     1 |     6 |    20 |     2 ||    34
       Distracted        |       |     1 |       |     6 |     1 ||     8
       Invisible         |       |       |     7 |       |       ||     7
       Held in net/web   |       |       |     1 |     9 |    11 ||    21
       Paralysed         |       |       |       |     4 |       ||     4
Armor: Robe              |    23 |     8 |    34 |       |       ||    65
       Steam dragon scal |       |       |     5 |   109 |    52 ||   166
       Troll leather arm |       |       |       |       |    56 ||    56
Dodge: Dodged            |    56 |    66 |   202 |   720 |   620 ||  1664
       Rpst.: Trident    |       |       |     7 |   185 |   124 ||   316
       Dagger            |       |       |     2 |       |       ||     2
       Glaive            |       |       |       |     6 |    12 ||    18

Table legend: (Time is in decaauts)
 A = Elapsed time spent in this place.
 B = Non-inter-level travel time spent in this place.
 C = Inter-level travel time spent in this place.
 D = Time resting spent in this place.
 E = Time spent auto-exploring this place.
 F = Levels seen in this place.
 G = Mean time per level.
                   A        B        C        D        E       F      G
               +--------+--------+--------+--------+--------+-----+--------+
         Total |  24600 |  23380 |   1220 |   6252 |  11483 |  18 | 1366.7 |
       Dungeon |  14163 |  13414 |    749 |   3594 |   6849 |   9 | 1573.7 |
        Temple |    394 |    337 |     57 |    128 |    188 |   1 |  394.0 |
          Lair |   9129 |   8715 |    414 |   2239 |   4379 |   6 | 1521.5 |
      Ice Cave |    427 |    427 |      0 |    252 |      0 |   1 |  427.0 |
      Gauntlet |    485 |    485 |      0 |     38 |     66 |   1 |  485.0 |
               +--------+--------+--------+--------+--------+-----+--------+

Top non-repeatable levels by time:
     D:8: 2168 daAuts
     D:6: 1944 daAuts
     D:7: 1886 daAuts
     D:9: 1781 daAuts
     D:1: 1764 daAuts
  Lair:5: 1730 daAuts
     D:4: 1647 daAuts
  Lair:6: 1647 daAuts
  Lair:1: 1532 daAuts
  Lair:2: 1501 daAuts
  Lair:4: 1429 daAuts
     D:5: 1296 daAuts
  Lair:3: 1289 daAuts
     D:3: 1010 daAuts
     D:2: 663 daAuts
